 Dungeon Crawl Stone Soup version 0.30-a0-347-gf58ed5266c (webtiles) character file.

Game seed: 507486110654568729

406 greenreed the Grave Robber (level 6, -6/41 HPs)
             Began as a Demonspawn Necromancer on Nov 5, 2022.
             Killed from afar by an orc wizard (13 damage)
             ... with a puff of flame
             ... on level 4 of the Dungeon.
             The game lasted 00:08:11 (4654 turns).

greenreed the Grave Robber (Demonspawn Necromancer) Turns: 4654, Time: 00:08:12

Health: -6/41      AC:  4    Str:  8    XL:     6   Next: 56%
Magic:  13/13      EV: 14    Int: 19    God:
Gold:   182        SH:  0    Dex: 13    Spells: 13/14 levels left

rFire   . . .      SeeInvis .    n - +0 war axe
rCold   . . .      Faith    .    (no shield)
rNeg    . . .      Spirit   .    a - +0 robe
rPois   .          Reflect  .    (helmet restricted)
rElec   .          Harm     .    p - +0 cloak
rCorr   .          Rampage  .    l - +0 pair of gloves
Will    .....                    (no boots)
Stlth   ++........               (no amulet)
HPRegen 0.26/turn                (no ring)
MPRegen 0.26/turn                (no ring)

@: no status effects
A: antennae 1, repulsion field 1, magic regeneration
a: no special abilities


You were on level 4 of the Dungeon.
You visited 1 branch of the dungeon, and saw 5 of its levels.

You collected 182 gold pieces.

Inventory:

Hand Weapons
 n - a +0 war axe (weapon)
 q - a +2 whip of venom
Missiles
 g - 2 poisoned darts
Armour
 a - a +0 robe (worn)
 l - a +0 pair of gloves (worn)
 p - a +0 cloak (worn)
 y - a +0 leather armour of fire resistance
Wands
 A - a wand of quicksilver (3)
Scrolls
 c - 2 scrolls of poison {unknown}
 d - 3 scrolls of teleportation {unknown}
 e - 2 scrolls of fear {unknown}
 f - 2 scrolls of immolation {unknown}
 k - a scroll of magic mapping {unknown}
 m - 3 scrolls of fog {unknown}
 t - a scroll of enchant armour {unknown}
 v - a scroll of enchant weapon {unknown}
 x - a scroll of identify {unknown}
 z - a scroll of blinking {unknown}
Potions
 b - a potion of magic
 h - a potion of ambrosia {unknown}
 i - 3 potions of curing {unknown}
 j - 3 potions of heal wounds
 o - 2 potions of brilliance {unknown}
 r - a potion of haste {unknown}
 s - a potion of flight {unknown}
 u - 2 potions of invisibility {unknown}
 w - a potion of lignification {unknown}


   Skills:
 + Level 0.3 Fighting
 + Level 0.4 Axes
 + Level 2.0 Dodging
 + Level 1.9 Stealth
 * Level 4.9 Spellcasting
 * Level 6.4 Necromancy


You had 13 spell levels left.
You knew the following spells:

 Your Spells              Type           Power      Damage    Failure   Level
a - Necrotise             Necr           100%       1d9       1%          1

Your spell library contained the following spells:

 Spells                   Type           Power      Damage    Failure   Level
 Vampiric Draining        Necr           29%        2d8       2%          3
 Cigotuvi's Dreadful Rot  Necr/Pois/Air  24%        N/A       8%          2
 Animate Dead             Necr           29%        N/A       9%          4
 Foxfire                  Conj/Fire      16%        2x1d4     13%         1
 Poisonous Vapours        Pois/Air       8%         N/A       19%         2
 Agony                    Necr           29%        N/A       24%         5
 Mephitic Cloud           Conj/Pois/Air  4%         N/A       36%         3
 Ozocubu's Armour         Ice            4%         N/A       36%         3
 Fireball                 Conj/Fire      2%         3d4       98%         5
 Metabolic Englaciation   Hex/Ice        2%         N/A       98%         5
 Simulacrum               Ice/Necr       8%         N/A       99%         6
 Starburst                Conj/Fire      2%         6d3       100%        6


Dungeon Overview and Level Annotations

Branches:
Dungeon (5/15)
 Temple: D:4-7

Altars:
Ashenzari
Cheibriados
Okawaru
Ru
Sif Muna


Innate Abilities, Weirdness & Mutations

You have a pair of small antennae on your head.
You are surrounded by a mild repulsion field. (EV +2)
You regenerate magic rapidly.


Message History

Something barely misses you.
You bump into the rock wall.
Something hits you.
* * * LOW HITPOINT WARNING * * *
You closely miss something.
You feel less confused. Something hits you.
* * * LOW HITPOINT WARNING * * *
You miss something.
Something hits you but does no damage. x2
You closely miss something. Something hits you.
* * * LOW HITPOINT WARNING * * *
You miss something.
You hear some strange, mumbled words.
You are confused.
Something hits you but does no damage.
You bump into the rock wall.
Something hits you.
* * * LOW HITPOINT WARNING * * *
You hear some strange, mumbled words.
You are more confused.
You're too confused to move!
You miss something. Something hits you but does no damage.
You closely miss something. Your punch misses something.
Something hits you but does no damage. Something barely misses you.
You closely miss something. Something hits you but does no damage.
You completely miss something.
An orc wizard appears from thin air!
Reactivating autopickup.
The orc wizard hits you but does no damage.
The orc wizard hits you with a +0 dagger.
* * * LOW HITPOINT WARNING * * *
You're too confused to cast spells.
Unknown command.
You're too confused to cast spells.
You hit the orc wizard.
The orc wizard is almost dead.
The orc wizard hits you but does no damage.
You closely miss the orc wizard.
The orc wizard is almost dead.
You feel less confused. The orc wizard casts a spell at you.
The puff of flame hits you!
You die...

##.##.#....≈≈≈....#..........##
##...##.........####....#....##
###....##.......##..#..........##
#.......###...###...#...........#
..........#####...>......####...#
..#....##..# ##..........# #...#
.##..###...## ##.######### #####
.....#......####..# ##8###8##
........###...#o@###8...8...8##
........##....[)[.##.........####
....######.....##.#>........._#.#
..#######..#####..##.........##.#
..###......# #.###8...8...8##..
..#.#..#...## #.## ##8###8# ##.
.#....####..####..########### #..
......# ##.....#..#.#.......###..
...#### #......)..........##..##.


You could see an orc wizard.

Vanquished Creatures
  A water moccasin (D:4)
  A scorpion (D:4)
  An iron imp (D:3)
  An orc wizard (D:4)
  Terence (D:3)
  5 gnolls
  5 adders
  A worm (D:3)
  4 dart slugs
  5 orcs
  8 bats
  4 endoplasms
  3 giant cockroaches
  6 hobgoblins
  3 kobolds
  A quokka (D:3)
  7 ball pythons
  4 frilled lizards
  6 goblins
  3 rats
70 creatures vanquished.

Vanquished Creatures (others)
  A plant (D:4)
1 creature vanquished.

Grand Total: 71 creatures vanquished

Notes
Turn   | Place    | Note
-------+----------+-------------------------------------------
     0 | D:1      | greenreed the Demonspawn Necromancer began the quest for
                  | the Orb.
     0 | D:1      | Reached XP level 1. HP: 13/13 MP: 3/3
   503 | D:1      | Gained mutation: You have a pair of small antennae on your
                  | head. [demonic ancestry]
   503 | D:1      | Reached XP level 2. HP: 19/19 MP: 3/5
  1052 | D:2      | Reached skill level 5 in Necromancy
  1205 | D:2      | Reached XP level 3. HP: 19/24 MP: 0/6
  1656 | D:2      | Gained mutation: You are surrounded by a mild repulsion
                  | field. (EV +2) [demonic ancestry]
  1656 | D:2      | Reached XP level 4. HP: 21/30 MP: 0/9
  3003 | D:3      | Found a snail-covered altar of Cheibriados.
  3012 | D:3      | Gained mutation: You regenerate magic rapidly. [demonic
                  | ancestry]
  3012 | D:3      | Reached XP level 5. HP: 35/35 MP: 10/10
  3238 | D:3      | Noticed Terence
  3248 | D:3      | Killed Terence
  3321 | D:3      | Found a faded altar of an unknown god.
  3340 | D:3      | Found a sacrificial altar of Ru.
  3386 | D:3      | Found a broken altar of Ashenzari.
  3594 | D:4      | Noticed a water moccasin
  3602 | D:4      | Killed a water moccasin
  3603 | D:4      | Reached skill level 6 in Necromancy
  3603 | D:4      | Reached XP level 6. HP: 34/41 MP: 5/12
  4025 | D:4      | Found a shimmering blue altar of Sif Muna.
  4376 | D:4      | Found an iron altar of Okawaru.
  4512 | D:5      | Entered Level 5 of the Dungeon
  4654 | D:4      | Killed from afar by an orc wizard

Illustrated notes

Levels and vault maps discovered:
D:1:      giann_forest_graveyard, layout_basic, kennysheep_decorative_pillar,
          kennysheep_another_room, nicolae_titane
D:2:      layout_basic, grunt_ministairs_14
D:3:      layout_loops_ring, general_overflow_altar,
          nicolae_overflow_ecumenical_swirl, slow_altar_2, st_stairs_11,
          dk_vineyard_2, uniq_terence
D:4:      layout_cave_pools, tgw_sif, nicolae_overflow_hidden_temple,
          nicolae_elyvilon_temple_path
D:5:      layout_layer_cave, minitemple, minmay_temple_entry_hall, uniq_ijyb,
          uniq_edmund

Skill      XL: |  1  2  3  4  5  6 |
---------------+-------------------+-----
Necromancy     | 5 6 |  6.4
Spellcasting   | 3 4 |  4.9
Dodging        | 2 |  2.0
Fighting       | |  0.3
Axes           | |  0.4
Stealth        | |  1.9

Action                   |  1- 3 |  4- 6 || total
-------------------------+-------+-------++-------
Melee: Unarmed           |     2 |       ||     2
       War axe           |     4 |    49 ||    53
 Cast: Necrotise         |    55 |    95 ||   150
  Use: Potion            |       |     1 ||     1
Armor: Robe              |     5 |    28 ||    33
Dodge: Dodged            |    19 |    52 ||    71

Table legend: (Time is in decaauts)
 A = Elapsed time spent in this place.
 B = Non-inter-level travel time spent in this place.
 C = Inter-level travel time spent in this place.
 D = Time resting spent in this place.
 E = Time spent auto-exploring this place.
 F = Levels seen in this place.
 G = Mean time per level.
                   A        B        C        D        E       F      G
               +--------+--------+--------+--------+--------+-----+--------+
         Total |   4679 |   4359 |    320 |     86 |   3694 |   5 |  935.8 |
       Dungeon |   4679 |   4359 |    320 |     86 |   3694 |   5 |  935.8 |
               +--------+--------+--------+--------+--------+-----+--------+

Top non-repeatable levels by time:
     D:2: 1520 daAuts
     D:3: 1159 daAuts
     D:4: 1077 daAuts
     D:1: 916 daAuts
     D:5: 5 daAuts
